 Dungeon Crawl Stone Soup version 0.19.1 (webtiles) character file.

28 Gargoyl the Skirmisher (level 3, -3/33 HPs)
             Began as a Ghoul Abyssal Knight on Dec 12, 2016.
             Was a Follower of Lugonu.
             Slain by a small abomination (14 damage)
             ... on level 1 of the Abyss.
             The game lasted 00:01:32 (328 turns).

Gargoyl the Skirmisher (Ghoul Abyssal Knight)        Turns: 328, Time: 00:01:32

Health: -3/33      AC:  3    Str: 15    XL:     3   Next: 12%
Magic:  3/3        EV: 11    Int:  7    God:    Lugonu [*.....]
Gold:   16         SH:  0    Dex:  9    Spells: 0 memorised, 2 levels left

rFire  . . .     SeeInvis .     a - +1 hand axe
rCold  + . .     Gourm    .     b - +0 leather armour
rNeg   + + +     Faith    .     (no shield)
rPois  ∞         Spirit   .     (no helmet)
rElec  .         Reflect  .     (no cloak)
rCorr  .         Harm     .     (no gloves)
MR     .....                    (no boots)
Stlth  +.........               (no amulet)
                                (no ring)
                                (no ring)

@: rotting
A: rotting body, claws 1, carnivore 3, cold resistance 1, negative energy
resistance 3, slow regeneration 1, torment resistance, unbreathing
a: Depart the Abyss, Renounce Religion


You were on level 1 of the Abyss.
You worshipped Lugonu.
Lugonu was aware of your devotion.
You were not hungry.

You visited 0 branches of the dungeon, and saw 0 of its levels.
You visited the Abyss 1 time.

You collected 16 gold pieces.

Inventory:

Hand Weapons
 a - a +1 hand axe (weapon)
Armour
 b - a +0 leather armour (worn)
Comestibles
 c - a meat ration


   Skills:
 + Level 4.1 Fighting
 + Level 2.0 Axes
 + Level 2.0 Armour
 + Level 1.0 Dodging
 + Level 2.2 Invocations


You had 2 spell levels left.
You didn't know any spells.

Dungeon Overview and Level Annotations

Branches:
Dungeon (0/15)

Altars:


Innate Abilities, Weirdness & Mutations

Your body is rotting away.
You thrive on raw meat.
You are immune to poison.
You have sharp fingernails.
You are carnivorous and can eat meat at any time.
Your flesh is cold resistant. (rC+)
You are immune to negative energy. (rN+++)
You regenerate slowly when monsters are visible.
You are immune to unholy pain and torment.
You can survive without breathing.


Message History

The iron imp hits you.
You hit the iron imp.
The iron imp is almost dead.
The iron imp barely misses you.
You hit the iron imp.
You kill the iron imp!
Your Fighting skill increases to level 4!
Your Axes skill increases to level 2!
Your Armour skill increases to level 2!
Your Dodging skill increases to level 1!
You have reached level 2!
You have reached level 3!
Your experience leads to an increase in your attributes!
Increase (S)trength, (I)ntelligence, or (D)exterity?
You feel agile.
The substance of the Abyss twists violently, and a gateway leading out appears!
You hit the small abomination.
The small abomination is lightly damaged.
The small abomination closely misses you.
The small abomination hits you!
You die...

#.# # #..###
..#.# ### ... . #
. . #. ...# .. #
....#..#.. .#
#..... .## # #
..#. ##. #.# #.
...##.#....###
#... . . #
...§#@# ..#.## #.
#...§x##
..###.##.#.##.###
.. .... .#..###
#. . #..#### ..
#.# # . #..#..#
..##.### .. # #.
.##....# # # ## .
. . ..


You could see a small abomination.

Vanquished Creatures
  An iron imp (Abyss:1)
1 creature vanquished.

Notes
Turn   | Place    | Note
-------+----------+-------------------------------------------
     0 | Abyss:1  | Gargoyl the Ghoul Abyssal Knight began the quest for the Orb.
     0 | Abyss:1  | Reached XP level 1. HP: 19/19 MP: 1/1
   101 | Abyss:1  | Noticed a large abomination
   140 | Abyss:1  | Noticed a fire giant skeleton
   202 | Abyss:1  | Noticed a large abomination
   250 | Abyss:1  | Noticed a spatial vortex
   255 | Abyss:1  | Found an opulent altar of Gozag.
   276 | Abyss:1  | Noticed an orange demon
   302 | Abyss:1  | Noticed a small abomination
   303 | Abyss:1  | Noticed an iron imp
   327 | Abyss:1  | Killed an iron imp
   327 | Abyss:1  | Reached skill level 4 in Fighting
   327 | Abyss:1  | Reached skill level 1 in Dodging
   327 | Abyss:1  | Reached XP level 2. HP: 9/27 MP: 2/2
   327 | Abyss:1  | Reached XP level 3. HP: 11/33 MP: 3/3
   328 | Abyss:1  | Slain by a small abomination

Skill      XL: |  1 |
---------------+----+-----
Fighting       | 4 |  4.1
Axes           | 2 |  2.0
Armour         | 2 |  2.0
Dodging        | 1 |  1.0
Invocations    | |  2.2

Action                   || total
-------------------------++-------
Melee: Hand axe          ||    16
Armor: Leather armour    ||     2
Dodge: Dodged            ||     7
